 Seeded DCSS version 0.30.1-9-gdf580d7c3d (webtiles) character file.

Game seed: 2394977854812512649 (custom seed)

15 Psyclone the Conjurer (level 2, 18/18 HPs)
             Began as a Deep Elf Conjurer on Oct 12, 2023.
             Was an Initiate of Gozag.
             Quit the game in the Ecumenical Temple.
             The game lasted 00:00:50 (415 turns).

Psyclone the Conjurer (Deep Elf Conjurer)            Turns: 415, Time: 00:00:51

Health: 18/18      AC:  2    Str:  4    XL:     2   Next: 34%
Magic:  8/8        EV: 12    Int: 22    God:    Gozag
Gold:   512        SH:  0    Dex: 13    Spells: 4/7 levels left

rFire   . . .        c - +2 dagger (elec)
rCold   . . .        (no shield)
rNeg    . . .        a - +0 robe
rPois   .            (no helmet)
rElec   .            (no cloak)
rCorr   .            (no gloves)
SInv    .            (no boots)
Will    .....        (no amulet)
Stlth   ++           (no ring)
HPRegen 0.23/turn    (no ring)
MPRegen 0.11/turn

%: no passive effects
@: no status effects
A: robust 2, evolution 2, no potion heal 1
a: Renounce Religion, Potion Petition, Call Merchant, Bribe Branch


You were in the Ecumenical Temple.
You worshipped Gozag.
Gozag was pleased with you.
You visited 2 branches of the dungeon, and saw 6 of its levels.

You collected 2621 gold pieces.
You spent 917 gold pieces at shops.
You paid 1192 gold pieces to Gozag.

Inventory:

Hand Weapons
 c - a +2 dagger of electrocution (weapon)
Armour
 a - a +0 robe (worn)
 g - the +0 pair of gloves "Zefatisch" {Dex+4 SInv}
   (You bought it in a shop in the Ecumenical Temple)

   Dex:       It affects your dexterity (+4).
   SInv:      It lets you see invisible.
 h - a +2 pair of boots of rampaging
 i - a +2 robe of positive energy
 j - a +2 kite shield of positive energy
 k - the +2 helmet of the Skies Above {rPois rC- Slay+3 SInv}
   (You bought it in a shop in the Ecumenical Temple)

   Slay:      It affects your accuracy & damage with ranged weapons and melee
   (+3).
   rC:        It makes you vulnerable to cold.
   rPois:     It protects you from poison.
   SInv:      It lets you see invisible.
 l - a +2 robe of willpower
 m - the +2 leather armour of Hedging {rN+ Str+4 Slay+2}
   (You bought it in a shop in the Ecumenical Temple)

   Str:       It affects your strength (+4).
   Slay:      It affects your accuracy & damage with ranged weapons and melee
   (+2).
   rN:        It protects you from negative energy.
Scrolls
 d - a scroll of identify {unknown}
Potions
 b - a potion of magic
 e - a potion of lignification {unknown}
 f - a potion of brilliance {unknown}


   Skills:
 - Level 2.4 Dodging
 - Level 2.4 Stealth
 - Level 3.0 Spellcasting
 + Level 5.1 Conjurations


You had 4 spell levels left.
You knew the following spells:

 Your Spells              Type           Power      Damage    Failure   Level
a - Magic Dart            Conj           100%       1d8       1%          1
b - Searing Ray           Conj           50%        2d6       2%          2

Your spell library contained the following spells:

 Spells                   Type           Power      Damage    Failure   Level
 Dazzling Flash           Conj/Hex       28%        N/A       13%         3
 Fulminant Prism          Conj/Hex       7%         3d7       41%         4
 Iskenderun's Mystic Bla  Conj/Tloc      14%        2d5       41%         4


Dungeon Overview and Level Annotations

Branches:
Dungeon (5/15) Zot: 26982  Temple (1/1) D:5 Zot: 5958

Altars:
Dithmenos
Gozag
Xom

Shops:
D:2 !   Temple :[


Innate Abilities, Weirdness & Mutations

You are very robust. (+20% HP)
You have great hidden genetic potential.
Potions are less effective at restoring your health.


Message History

You see here 11 gold pieces.
There is a stone staircase leading down here.
You climb downwards.
There is a stone staircase leading up here.
You open the door.
There is an open door here.
You open the door.
Found a staircase to the Ecumenical Temple.
There is an open door here.
There is a staircase to the Ecumenical Temple here.
You climb downwards.
Welcome to the Ecumenical Temple!
There is a staircase back to the Dungeon here.
Found a shimmering altar of Xom.
Found an opulent altar of Gozag.
There is an opulent altar of Gozag here.
You kneel at the altar of Gozag.
Gozag welcomes you!
You pay a service fee of 81 gold.
You have enough gold to petition Gozag for potion effects.
You have enough gold to fund merchants seeking to open stores in the dungeon. [a] 428 gold - Vurimo Vaaj's Book Emporium [b] 401 gold - Yxibum's Jewellery Shoppe [c] 620 gold - Imet's Antique Armour Shoppe Fund which merchant?
Vurimo Vaaj invites you to visit his Book Emporium.
Found a shadowy altar of Dithmenos. [a] 861 gold - Qitooloh's General Store [b] 683 gold - Neatir's Antique Armour Emporium [c] 795 gold - Maemug's Weapon Boutique Fund which merchant?
Neatir invites you to visit their Antique Armour Emporium.
g - the +0 pair of gloves "Zefatisch" {Dex+4 SInv} You no longer have enough gold to fund merchants seeking to open stores in the dungeon.
h - a +2 pair of boots of rampaging;
i - a +2 robe of positive energy
j - a +2 kite shield of positive energy
k - the +2 helmet of the Skies Above {rPois rC- Slay+3 SInv}
l - a +2 robe of willpower
m - the +2 leather armour of Hedging {rN+ Str+4 Slay+2} Thank you for shopping at Neatir's Antique Armour Emporium!
Unknown command.
Are you sure you want to abandon this character and quit the game? (Confirm with "yes".)

_. #.# ._ #### .#
#.# #.. #_.### .#
#.# #.#
#.#..###.##.##.# #.
#####..##.#.#.##..#
###.........#
###.....##
####..∩@...####
........<.......
.####.......####
##.....## ...#.#...
.##.#.#.##. #
.##.##. # .# #.# #.
.# #.# #.


There were no monsters in sight!

Vanquished Creatures
  An orc (D:3)
  2 ball pythons
  2 endoplasms (D:1)
  A giant cockroach (D:1)
  2 goblins
  A hobgoblin (D:1)
  A bat (D:1)
  A frilled lizard (D:2)
  2 rats
13 creatures vanquished.

Notes
Turn   | Place    | Note
-------+----------+-------------------------------------------
     0 | D:1      | Psyclone the Deep Elf Conjurer began the quest for the Orb.
     0 | D:1      | Reached XP level 1. HP: 10/10 MP: 6/6
    21 | D:1      | Identified a scroll of acquirement
    21 | D:1      | Acquired 1272 gold pieces
   102 | D:1      | Reached XP level 2. HP: 15/15 MP: 5/8
   105 | D:1      | Learned a level 2 spell: Searing Ray
   173 | D:2      | Reached skill level 5 in Conjurations
   174 | D:2      | Found Utwiat's Distillery.
   254 | D:3      | Gained mutation: You are robust. (+10% HP) [potion of
                  | mutation]
   254 | D:3      | Gained mutation: You are very robust. (+20% HP) [potion of
                  | mutation]
   254 | D:3      | Gained mutation: You are agile. (Dex +4, Str/Int -1)
                  | [potion of mutation]
   254 | D:3      | Gained mutation: You have hidden genetic potential. [potion
                  | of mutation]
   263 | D:3      | Lost mutation: You are very robust. (+20% HP) [potion of
                  | mutation]
   263 | D:3      | Lost mutation: You are agile. (Dex +4, Str/Int -1) [potion
                  | of mutation]
   263 | D:3      | Gained mutation: Potions are less effective at restoring
                  | your health. [potion of mutation]
   263 | D:3      | Gained mutation: You have great hidden genetic potential.
                  | [potion of mutation]
   263 | D:3      | Gained mutation: You are very robust. (+20% HP) [potion of
                  | mutation]
   324 | D:3      | Acquired 1296 gold pieces
   350 | D:4      | Noticed an ice beast
   355 | D:5      | Entered Level 5 of the Dungeon
   364 | D:5      | Found a staircase to the Ecumenical Temple.
   373 | Temple   | Entered the Ecumenical Temple
   384 | Temple   | Became a worshipper of Gozag Ym Sagoz the Greedy
   415 | Temple   | Bought a pair of brightly glowing gloves for 180 gold
                  | pieces
   415 | Temple   | Identified the +0 pair of gloves "Zefatisch" {Dex+4 SInv}
                  | (You bought it in a shop in the Ecumenical Temple)
   415 | Temple   | Bought a pair of runed boots for 142 gold pieces
   415 | Temple   | Bought a runed robe for 70 gold pieces
   415 | Temple   | Bought a shiny kite shield for 142 gold pieces
   415 | Temple   | Bought a bloodstained helmet for 180 gold pieces
   415 | Temple   | Identified the +2 helmet of the Skies Above {rPois rC-
                  | Slay+3 SInv} (You bought it in a shop in the Ecumenical
                  | Temple)
   415 | Temple   | Bought a glowing robe for 70 gold pieces
   415 | Temple   | Bought a brightly glowing leather armour for 133 gold
                  | pieces
   415 | Temple   | Identified the +2 leather armour of Hedging {rN+ Str+4
                  | Slay+2} (You bought it in a shop in the Ecumenical Temple)
   415 | Temple   | Quit the game

Illustrated notes

Levels and vault maps discovered:
D:1:      saegor_arrival_simple_c, layout_rooms
D:2:      layout_basic, serial_shops, shop, uniq_sigmund
D:3:      layout_basic, marbit_many_paths, serial_curves, eino_curves_01,
          eino_curves_03
D:4:      layout_cave_pools, kennysheep_mini_moat, dk_noncrumbling_3
D:5:      layout_gridville, mainiacjoe_overflow_alcove_1,
          minmay_temple_entry_grid, grunt_decor_arrowhead,
          uniq_crazy_yiuf_cottage
Temple:   hellmonk_temple_flake

Skill      XL: |  1  2 |
---------------+-------+-----
Conjurations   | 5 |  5.1
Dodging        | |  2.4
Stealth        | |  2.4
Spellcasting   | |  3.0

Action                     || total
---------------------------++-------
   Cast: Magic Dart        ||    13
 Invoke: Call Merchant     ||     2
    Use: Scroll            ||     2
         Potion            ||     2
